Map: Oxide LE

Players

SpeCial - Winner!

  • Race: Terran Terran

Ryu

  • Race: Zerg Zerg

Event: DreamHack SC2 Masters 2021 Fall

VOD

Have the link to the VOD?

Description

Time

  • Played on: July 28, 2021, 4:42 p.m.
  • Length: 8:41

All games in this series

Show
View Real Time Build Order
Export as new Build Order

SpeCial Terran - Winner!

Build Orders:  

Get SALT Encoding   

  12  0:01  SCV  
  13  0:13  SCV  
  14  0:18  Supply Depot  
  14  0:25  SCV  
  15  0:42  Barracks  
  15  0:52  Barracks  
  15  0:54  SCV  
  16  1:06  SCV  
  17  1:14  Refinery  
  17  1:18  SCV  
  18  1:29  Marine  
  18  1:30  Orbital Command  
  19  1:39  Marine  
  20  1:47  Marine, Supply Depot  
  21  1:56  SCV  
  21  1:59  Bunker  
  21  2:00  Marine  
  23  2:05  Bunker  
  23  2:08  Marine  
  24  2:10  SCV  
  25  2:19  Factory  
  25  2:22  SCV  
  26  2:26  Marine x2  
  28  2:35  SCV  
  29  2:44  Marine x2, Supply Depot  
  31  3:03  Factory Tech Lab  
  31  3:06  SCV  
  32  3:13  Refinery, Starport  
  32  3:18  SCV  
  33  3:30  SCV  
  34  3:35  Command Center  
  34  3:39  Cyclone  
  37  3:42  SCV  
  35  3:54  SCV  
  29  4:07  SCV  
  30  4:18  Banshee  
  30  4:19  SCV, Factory Tech Lab  
  30  4:21  Barracks  
  30  4:22  Cloaking Field  
  34  4:31  SCV  
  35  4:34  Supply Depot  
  35  4:43  SCV  
  36  4:45  Marine  
  36  4:46  Factory Reactor  
  36  4:47  Marine  
  36  4:48  Orbital Command  
  38  4:54  Stimpack  
  38  4:55  SCV  
  38  4:58  Supply Depot  
  39  5:03  Marine  
  40  5:07  SCV, Orbital Command, Banshee  
  40  5:10  Marine  
  45  5:14  Marine  
  45  5:19  SCV  
  47  5:21  Supply Depot  
  47  5:31  SCV  
  47  5:32  SCV  
  49  5:38  Marine  
  49  5:40  Factory Reactor  
  50  5:43  SCV  
  50  5:44  SCV  
  50  5:47  Barracks Reactor  
  50  5:49  Engineering Bay  
  52  5:51  Marine x2  
  52  5:52  Supply Depot  
  52  5:56  Marine  
  58  5:57  SCV  
  58  6:02  SCV  
  60  6:09  Marine x2, SCV  
  63  6:13  Refinery  
  63  6:14  Marine, Supply Depot  
  63  6:16  Terran Infantry Weapons Level 1  
  64  6:20  Supply Depot  
  64  6:22  SCV  
  62  6:25  Marine x2  
  62  6:27  Marine x2  
  62  6:28  SCV  
  67  6:33  Command Center  
  67  6:34  SCV  
  67  6:35  Medivac  
  67  6:37  Marine  
  67  6:39  Siege Tank  
  74  6:43  Marine x2  
  76  6:48  SCV  
  76  6:52  SCV  
  78  6:54  Supply Depot  
  78  6:55  Refinery, Marine x2  
  78  6:58  Marine  
  81  7:03  Marine x2  
  81  7:07  Medivac x2  
  87  7:13  Marine  
  88  7:16  SCV  
  88  7:21  SCV, Barracks  
  88  7:22  Barracks  
  90  7:24  Marine  
  90  7:26  Marine  
  90  7:28  Siege Tank  
  95  7:31  Supply Depot  
  95  7:32  Marine  
  95  7:33  Marine x2  
  98  7:39  SCV  
  98  7:42  Marine, SCV  
  98  7:43  Marine  
  102  7:50  Marine x3  
  105  7:52  SCV  
  101  7:59  Medivac  
  101  8:00  Marine, Medivac  
  101  8:01  Marine  
  98  8:08  Marine x3  
  98  8:10  Barracks Reactor x2  
  100  8:16  SCV  
  100  8:18  Marine  
  100  8:20  Marine  
  100  8:25  SCV  
Show
View Real Time Build Order
Export as new Build Order

Ryu Zerg 

Build Orders: Hatch First 

Get SALT Encoding   

  12  0:01  Drone  
  13  0:13  Overlord  
  13  0:17  Drone  
  14  0:32  Drone x2  
  16  0:50  Hatchery  
  16  0:52  Drone  
  16  0:55  Drone  
  17  0:59  Drone  
  17  1:03  Extractor  
  17  1:16  Spawning Pool  
  16  1:19  Drone  
  16  1:21  Drone  
  18  1:29  Drone  
  19  1:44  Drone  
  20  1:51  Overlord  
  20  2:04  Queen  
  20  2:05  Extractor, Roach Warren, Drone  
  21  2:11  Zergling x2  
  22  2:20  Zergling x2  
  22  2:38  Overlord  
  22  2:45  Roach x4  
  22  2:46  Roach  
  32  2:58  Overlord  
  32  3:09  Ravager x2  
  35  3:12  Drone  
  35  3:13  Queen, Drone  
  35  3:15  Ravager  
  41  3:20  Roach  
  41  3:36  Ravager  
  41  3:37  Drone, Overlord  
  43  3:45  Drone  
  41  4:05  Hatchery  
  41  4:06  Drone  
  41  4:12  Drone  
  42  4:27  Hatchery  
  42  4:31  Drone  
  42  4:37  Drone x2  
  44  4:42  Drone  
  45  4:48  Overlord  
  45  4:53  Drone  
  45  4:59  Lair  
  46  5:05  Overlord  
  46  5:10  Spore Crawler  
  46  5:11  Drone  
  46  5:16  Metabolic Boost  
  46  5:19  Drone  
  47  5:21  Drone  
  47  5:25  Drone  
  48  5:30  Spore Crawler  
  48  5:31  Drone  
  48  5:32  Drone  
  49  5:36  Drone x2  
  49  5:40  Drone x2  
  53  5:46  Queen  
  53  5:49  Drone  
  56  5:50  Drone  
  56  5:55  Spore Crawler, Drone  
  56  5:56  Drone  
  58  5:57  Overseer  
  58  6:02  Queen  
  57  6:06  Drone x2  
  59  6:14  Baneling Nest  
  59  6:15  Drone x4  
  62  6:21  Drone x3  
  62  6:22  Drone  
  66  6:28  Drone x4  
  66  6:31  Overlord  
  67  6:45  Drone  
  67  6:46  Drone x7  
  74  6:51  Drone x4  
  76  6:58  Queen  
  76  6:59  Evolution Chamber x2  
  73  7:01  Zergling x2  
  73  7:02  Zergling x2  
  73  7:03  Drone  
  75  7:10  Extractor  
  75  7:12  Centrifical Hooks  
  75  7:13  Extractor  
  75  7:14  Extractor  
  72  7:17  Queen  
  72  7:18  Extractor  
  72  7:19  Queen  
  75  7:25  Drone x2  
  75  7:26  Drone x4  
  80  7:31  Drone  
  80  7:32  Drone  
  80  7:33  Overlord  
  80  7:34  Overlord  
  80  7:37  Overlord  
  82  7:40  Baneling  
  82  7:41  Baneling x3  
  82  7:48  Overlord  
  82  7:52  Zergling x10  
  82  7:53  Zergling x6  
  80  7:59  Zergling x4, Queen  
  80  8:00  Queen  
  80  8:04  Roach x2  
  84  8:07  Roach x2  
  84  8:14  Zergling x6  

Tags
 
Add a new tag
Caveats
  • Supply blocks, unpowered buildings, or Contaminate may cause inaccurate times.
  • Supply counts are checked every 10 seconds.